[Event "FIDE WCCC G12 2018"]
[Site "Santiago de Compostela"]
[Date "2018.11.09"]
[Round "5"]
[White "Mihelic, Vesna"]
[Black "Zvereva, Margarita"]
[Result "1/2-1/2"]
[ECO "B50"]
[WhiteElo "1741"]
[BlackElo "1787"]
[Annotator "NA RC"]
[PlyCount "108"]
[EventDate "2018.11.04"]
[EventType "swiss"]
[EventCountry "ESP"]
[SourceTitle "playchess.com"]
[Source "ChessBase"]
[SourceQuality "1"]
[TimeControl "40/5400+30:1800+30"]

1. e4 c5 2. Nf3 d6 3. c3 Nf6 4. h3 Nbd7 5. Bd3 e6 6. Bc2 Be7 7. d4 Qc7 8. O-O O-O 9. Bf4 Rd8 10. Nbd2 b6 11. e5 Nd5 12. Bh2 dxe5 13. Nxe5 Nxe5 14. Bxe5 Bd6 15. Bxd6 Qxd6 16. Ne4 Qe7 17. Ng3 Bb7 18. Be4 Rac8 19. Re1 Nf6 20. Bxb7 Qxb7 21. Qd3 cxd4 22. cxd4 Qd5 23. Red1 Rc7 24. Qb3 Qg5 25. Rd3 Nd5 26. Ne2 Rdc8 27. Nc3 Nf4 28. Rg3 Qf6 29. Rd1 Rd7 30. Ne4 Ne2+ 31. Kh2 Qf4 32. Qe3 Qxe3 33. Rxe3 Rxd4 34. Rxd4 Nxd4 35. Rd3 e5 36. Nc3 f6 37. Kg1 Kf7 38. Kf1 Ke6 39. f3 a6 40. Kf2 b5 41. a3 a5 42. Rd2 b4 43. axb4 axb4 44. Ne2 Nb3 45. Rd3 Nc5 46. Rd2 Ra8 47. Nc1 b3 48. Nd3 Na4 49. Nc1 Rb8 50. Rd3 Nc5 51. Rd2 e4 52. Ke3 f5 53. Ne2 g5 54. Nd4+ Kf6 {Kxe4} 1/2-1/2

[Event "FIDE WCCC G12 2018"]
[Site "Santiago de Compostela"]
[Date "2018.11.09"]
[Round "5"]
[White "Volovich, Julia"]
[Black "Shuqja, Klean"]
[Result "1/2-1/2"]
[ECO "D80"]
[WhiteElo "1735"]
[BlackElo "1798"]
[Annotator "NA RC"]
[PlyCount "70"]
[EventDate "2018.11.04"]
[EventType "swiss"]
[EventCountry "ESP"]
[SourceTitle "playchess.com"]
[Source "ChessBase"]
[SourceQuality "1"]
[TimeControl "40/5400+30:1800+30"]

1. d4 Nf6 2. c4 g6 3. Nc3 d5 4. Bg5 Ne4 5. Bh4 Nxc3 6. bxc3 dxc4 7. e3 Bg7 8. Bxc4 O-O 9. Nf3 Nd7 10. O-O Nb6 11. Bd3 Be6 12. Qe2 h6 13. Rab1 Qd7 14. Bg3 Rac8 15. Rfc1 c5 16. Bb5 Qd8 17. Bd3 c4 18. Be4 Bd5 19. Bxd5 Qxd5 20. Rb4 Rfd8 21. Rcb1 Qe4 22. Nd2 Qc2 23. R4b2 Qxc3 24. Ne4 Qa3 25. Qc2 f5 26. Nc5 Rxc5 27. dxc5 Bxb2 28. cxb6 c3 29. Rd1 Rxd1+ 30. Qxd1 Qa5 31. bxa7 Qxa7 32. Qd8+ Kf7 33. Qd5+ Kf8 34. Qd8+ Kf7 35. Qd5+ Kf8 1/2-1/2

[Event "FIDE WCCC G12 2018"]
[Site "Santiago de Compostela"]
[Date "2018.11.09"]
[Round "5"]
[White "Hernandez Tellez, Claudia"]
[Black "Menon, Gauri"]
[Result "0-1"]
[ECO "C54"]
[WhiteElo "1721"]
[BlackElo "1592"]
[Annotator "NA RC"]
[PlyCount "54"]
[EventDate "2018.11.04"]
[EventType "swiss"]
[EventCountry "ESP"]
[SourceTitle "playchess.com"]
[Source "ChessBase"]
[SourceQuality "1"]
[TimeControl "40/5400+30:1800+30"]

1. e4 e5 2. Nf3 Nc6 3. Bc4 Bc5 4. c3 Nf6 5. d3 a6 6. O-O Ba7 7. Nbd2 d6 8. Bb3 O-O 9. Re1 Ng4 10. Re2 Kh8 11. h3 Nh6 12. Nf1 f5 13. N1h2 f4 14. d4 Qf6 15. Bd5 g5 16. Kf1 g4 17. dxe5 dxe5 18. hxg4 Nxg4 19. Nxg4 Bxg4 20. Re1 Qh6 21. Ke2 Qh2 22. Rf1 Qxg2 23. Qd3 Ne7 24. b4 Nxd5 25. exd5 e4 26. Qc2 exf3+ 27. Kd2 Qxf1 0-1

[Event "FIDE WCCC G12 2018"]
[Site "Santiago de Compostela"]
[Date "2018.11.09"]
[Round "5"]
[White "Wang, Ellen"]
[Black "Savitha Shri B"]
[Result "0-1"]
[ECO "A43"]
[WhiteElo "1711"]
[BlackElo "1745"]
[Annotator "NA RC"]
[PlyCount "88"]
[EventDate "2018.11.04"]
[EventType "swiss"]
[EventCountry "ESP"]
[SourceTitle "playchess.com"]
[Source "ChessBase"]
[SourceQuality "1"]
[TimeControl "40/5400+30:1800+30"]

1. d4 c5 2. d5 Nf6 3. Bf4 g6 4. Nc3 d6 5. e4 Bg7 6. Qd2 Bd7 7. Bh6 O-O 8. h4 b5 9. Bxg7 Kxg7 10. h5 b4 11. Nd1 Nxe4 12. Qe3 Nf6 13. hxg6 fxg6 14. Qh6+ Kg8 15. Nf3 Rf7 16. Ng5 Rg7 17. Ne3 Qf8 18. Bd3 Bc8 19. O-O-O a5 20. Rh4 e6 21. Rdh1 Raa7 22. Rf4 e5 23. Rf3 Qe7 24. Ne4 Nbd7 25. Qh3 Nxe4 26. Bxe4 Nb6 27. Qg3 c4 28. Ng4 Qg5+ 29. Ne3 Qxg3 30. Rxg3 Raf7 31. f3 Bf5 32. Bxf5 gxf5 33. Rxg7+ Kxg7 34. g4 fxg4 35. fxg4 Rf4 36. Nf5+ Kg6 37. Rh6+ Kg5 38. Rxd6 c3 39. Ng3 Nc4 40. Rc6 cxb2+ 41. Kb1 Rd4 42. Rxc4 Rxc4 43. Nf5 Rxg4 44. Ne3 Rd4 0-1

[Event "FIDE WCCC G12 2018"]
[Site "Santiago de Compostela"]
[Date "2018.11.09"]
[Round "5"]
[White "Rueda Nessi, Juana"]
[Black "Zhou, Lepu Coco"]
[Result "1-0"]
[ECO "C55"]
[WhiteElo "1642"]
[BlackElo "1617"]
[Annotator "NA RC"]
[PlyCount "199"]
[EventDate "2018.11.04"]
[EventType "swiss"]
[EventCountry "ESP"]
[SourceTitle "playchess.com"]
[Source "ChessBase"]
[SourceQuality "1"]
[TimeControl "40/5400+30:1800+30"]

1. e4 e5 2. Nf3 Nc6 3. Bc4 Nf6 4. d3 Be7 5. Bb3 O-O 6. O-O d6 7. c3 Na5 8. Bc2 c5 9. Re1 Bg4 10. h3 Bh5 11. Nbd2 b5 12. Nf1 c4 13. Ng3 Bg6 14. d4 Nd7 15. dxe5 Nxe5 16. Nd4 a6 17. Ndf5 Bxf5 18. Nxf5 Nb7 19. Qd5 Nc5 20. Rd1 Ncd3 21. f4 Nxc1 22. Raxc1 Ng6 23. Nxe7+ Qxe7 24. f5 Nf4 25. Qd2 Qe5 26. Rf1 Nh5 27. Rcd1 Rad8 28. Qg5 Nf6 29. Rfe1 Qc5+ 30. Qe3 Qxe3+ 31. Rxe3 Rfe8 32. Rd4 g6 33. g4 g5 34. Kf2 h5 35. Kf3 h4 36. Re1 Nd7 37. Red1 Ne5+ 38. Ke3 Re7 39. Rxd6 Red7 40. Rxd7 Rxd7 41. Rxd7 Nxd7 42. Kd4 f6 43. b3 cxb3 44. axb3 Ne5 45. Bd1 a5 46. c4 bxc4 47. bxc4 Kf7 48. Be2 Ke7 49. Kc5 Kd7 50. Kb5 Nc6 51. Bd1 Kc7 52. c5 Ne5 53. Be2 Nc6 54. Bf1 Kb7 55. Bg2 Kc7 56. e5 Nxe5 57. Kxa5 Nd3 58. Kb5 Nf4 59. Bf1 Nd5 60. c6 Ne3 61. Bd3 Kd6 62. Kb6 Nd5+ 63. Kb7 Nc7 64. Be4 Ne8 65. Kc8 Ke7 66. c7 Kd6 67. Kd8 Nxc7 68. Bg2 Nb5 69. Ke8 Ke5 70. Ke7 Nd4 71. Bf1 Nxf5+ 72. gxf5 Kxf5 73. Be2 Ke5 74. Kf7 f5 75. Kg6 Kf4 76. Kh5 g4 77. Kxh4 g3 78. Bf1 Kf3 79. Kg5 Kf2 80. Kf4 Kxf1 81. Kxg3 Ke2 82. Kf4 Kd3 83. h4 Kd4 84. h5 Kc5 85. h6 Kd4 86. h7 Kd5 87. h8=Q Kc4 88. Qd8 Kc5 89. Ke5 Kc4 90. Qd4+ Kb5 91. Qc3 f4 92. Kxf4 Ka4 93. Qb2 Ka5 94. Qb3 Ka6 95. Qb4 Ka7 96. Qb5 Ka8 97. Ke5 Ka7 98. Kd6 Ka8 99. Kc7 Ka7 100. Qa5# 1-0

[Event "FIDE WCCC G12 2018"]
[Site "Santiago de Compostela"]
[Date "2018.11.09"]
[Round "5"]
[White "Zavivaeva, Emilia"]
[Black "Tsirekidze, Barbare"]
[Result "1-0"]
[ECO "B06"]
[WhiteElo "1633"]
[BlackElo "1611"]
[Annotator "NA RC"]
[PlyCount "81"]
[EventDate "2018.11.04"]
[EventType "swiss"]
[EventCountry "ESP"]
[SourceTitle "playchess.com"]
[Source "ChessBase"]
[SourceQuality "1"]
[TimeControl "40/5400+30:1800+30"]

1. e4 g6 2. d4 Bg7 3. Nc3 e6 4. Nf3 Ne7 5. Bf4 d6 6. Qd2 Nd7 7. Bd3 e5 8. Bh6 O-O 9. d5 Nc5 10. h4 f5 11. h5 Nxd3+ 12. cxd3 f4 13. Bxg7 Kxg7 14. d4 Bg4 15. dxe5 Bxf3 16. h6+ Kg8 17. e6 Bxe4 18. Nxe4 Rf5 19. Qc3 Re5 20. O-O-O Qf8 21. f3 Rc8 22. Kb1 Qf5 23. Ka1 Qf8 24. a3 Nf5 25. Ka2 Ne3 26. Rd2 Qe7 27. Re1 Rf8 28. Rxe3 fxe3 29. Qxe3 a6 30. g4 c6 31. f4 Rxd5 32. Rxd5 cxd5 33. Ng5 Rf6 34. Qd4 b5 35. Qxd5 Rxf4 36. Ne4 Rf8 37. g5 Rf5 38. Nf6+ Rxf6 39. gxf6 Qxf6 40. e7+ Qf7 41. e8=Q# 1-0

[Event "FIDE WCCC G12 2018"]
[Site "Santiago de Compostela"]
[Date "2018.11.09"]
[Round "5"]
[White "Alimova, Dana"]
[Black "Kaldarova, Ayaulym"]
[Result "1-0"]
[ECO "C11"]
[WhiteElo "1628"]
[BlackElo "1526"]
[Annotator "NA RC"]
[PlyCount "67"]
[EventDate "2018.11.04"]
[EventType "swiss"]
[EventCountry "ESP"]
[SourceTitle "playchess.com"]
[Source "ChessBase"]
[SourceQuality "1"]
[TimeControl "40/5400+30:1800+30"]

1. e4 e6 2. d4 d5 3. Nc3 Nf6 4. e5 Nfd7 5. f4 c5 6. Nf3 Nc6 7. Be3 a6 8. Qd2 b5 9. a3 Bb7 10. Ne2 Rc8 11. Ng3 Qc7 12. c3 Na5 13. Qc2 cxd4 14. Nxd4 Nc4 15. Bxc4 dxc4 16. O-O Be7 17. f5 Qxe5 18. Bf4 Qd5 19. fxe6 fxe6 20. Rad1 Bc5 21. Kh1 Bxd4 22. Rxd4 Qc6 23. Rd6 Qc5 24. Rxe6+ Kd8 25. Nf5 Rc6 26. Nd6 Rxd6 27. Bxd6 Qd5 28. Rfe1 Nc5 29. Bxc5 Qxc5 30. Qd2+ Kc7 31. Qf4+ Kd8 32. Qf7 Bxg2+ 33. Kxg2 Qg5+ 34. Kf1 1-0

[Event "FIDE WCCC G12 2018"]
[Site "Santiago de Compostela"]
[Date "2018.11.09"]
[Round "5"]
[White "Enkhsaran, Batsaikhan"]
[Black "Sevcikova, Lucia"]
[Result "1-0"]
[ECO "D03"]
[WhiteElo "1614"]
[BlackElo "1768"]
[Annotator "NA RC"]
[PlyCount "89"]
[EventDate "2018.11.04"]
[EventType "swiss"]
[EventCountry "ESP"]
[SourceTitle "playchess.com"]
[Source "ChessBase"]
[SourceQuality "1"]
[TimeControl "40/5400+30:1800+30"]

1. d4 d5 2. Nf3 Nf6 3. Bg5 e6 4. e3 Be7 5. Bd3 O-O 6. Nbd2 Nbd7 7. O-O c5 8. c3 b6 9. Ne5 Nxe5 10. dxe5 Nd7 11. Bxe7 Qxe7 12. f4 f6 13. exf6 Nxf6 14. Nf3 Bb7 15. Qe1 Ne4 16. Ne5 Nd6 17. Rf3 Nf5 18. Rh3 Rf6 19. g4 Rh6 20. Qf1 Rxh3 21. Qxh3 Nh6 22. Nf3 d4 23. exd4 Bxf3 24. Qxf3 Rd8 25. Qe4 g6 26. Bc4 cxd4 27. cxd4 Re8 28. h3 Kf8 29. Re1 Qb4 30. Bxe6 Qxb2 31. d5 Qc3 32. Kg2 Nf7 33. Re3 Qc5 34. Re2 Qb5 35. a4 Qc5 36. Rc2 Qe7 37. Qd4 Qd6 38. Rc6 Qe7 39. Qc3 Qh4 40. Rc7 Re7 41. Rc8+ Re8 42. Bxf7 Kxf7 43. Rc7+ Re7 44. d6 Kg8 45. dxe7 1-0

[Event "FIDE WCCC G12 2018"]
[Site "Santiago de Compostela"]
[Date "2018.11.09"]
[Round "5"]
[White "Pang, Ashley"]
[Black "Vicze, Kata"]
[Result "1/2-1/2"]
[ECO "B21"]
[WhiteElo "1604"]
[BlackElo "1828"]
[Annotator "NA RC"]
[PlyCount "80"]
[EventDate "2018.11.04"]
[EventType "swiss"]
[EventCountry "ESP"]
[SourceTitle "playchess.com"]
[Source "ChessBase"]
[SourceQuality "1"]
[TimeControl "40/5400+30:1800+30"]

1. e4 c5 2. d4 cxd4 3. c3 dxc3 4. Nxc3 Nc6 5. Nf3 e6 6. Bc4 Bb4 {[%emt 0:02:46] LiveBook: 15 Games} 7. O-O Bxc3 {[%emt 0:04:08] B21: Sicilian: 2 f4 and Morra Gambit} (7... Nge7 8. Qe2 O-O 9. Rd1 d6 10. Rb1 h6 11. Bf4 Ng6 12. Bg3 e5 13. Qd3 Bxc3 14. bxc3 Na5 15. Bd5 Qe7 16. Nd2 {0-1 (55) Ohtake,S (2546)-Schueppel,R (2541) ICCF email 2007}) 8. bxc3 Nge7 9. Nd4 $146 ({Predecessor:} 9. Qd6 O-O 10. Rd1 a6 11. a4 Qa5 12. Bd2 Ng6 13. Be2 Qd8 14. Bg5 f6 15. Be3 Qe7 16. Qd2 f5 17. c4 f4 18. Bb6 Nh4 19. Nxh4 Qxh4 20. f3 Rf6 21. Bc7 {½-½ (21) Cappon,J (2216)-Vaarala,E (2274) Benidorm 2014}) 9... Nxd4 10. Qxd4 O-O 11. Ba3 Nc6 12. Qc5 Re8 13. f4 Qe7 14. Rad1 Qxc5+ 15. Bxc5 b6 16. Be3 Re7 17. Bb5 Bb7 18. Rd6 Na5 19. e5 Rc8 20. Bxd7 Rxc3 21. Bf2 Rc7 22. Bb5 f6 23. Be1 Rc2 24. Rd8+ Kf7 25. Rf2 Rc1 26. Rf1 Nc6 27. Bxc6 Bxc6 28. Bb4 Rxf1+ 29. Kxf1 Bb5+ 30. Kf2 Rc7 31. g3 a5 32. Be1 fxe5 33. fxe5 a4 34. Bb4 Rc4 35. a3 Rc6 36. Rd6 Kg6 37. Rxc6 Bxc6 38. g4 h6 39. h4 b5 40. Kg3 Bd5 $15 1/2-1/2

[Event "FIDE WCCC G12 2018"]
[Site "Santiago de Compostela"]
[Date "2018.11.09"]
[Round "5"]
[White "Voriskova, Anna"]
[Black "Butenandt, Svenja"]
[Result "0-1"]
[ECO "B84"]
[WhiteElo "1601"]
[BlackElo "1775"]
[Annotator "NA RC"]
[PlyCount "64"]
[EventDate "2018.11.04"]
[EventType "swiss"]
[EventCountry "ESP"]
[SourceTitle "playchess.com"]
[Source "ChessBase"]
[SourceQuality "1"]
[TimeControl "40/5400+30:1800+30"]

1. e4 c5 2. Nf3 e6 3. d4 cxd4 4. Nxd4 Nf6 5. Nc3 d6 6. Be2 a6 7. O-O Be7 8. Kh1 Qc7 9. f4 b5 10. Bf3 Bb7 11. Qe1 O-O 12. a4 b4 13. Na2 Qc4 14. Be3 Bxe4 15. Bxe4 Nxe4 16. Nxb4 d5 17. Nd3 Bf6 18. Qb4 Bxd4 19. Bxd4 Qxc2 20. Ne5 Nc6 21. Nxc6 Qxc6 22. Rac1 Qd7 23. a5 Rab8 24. Bb6 Rfc8 25. Qd4 Rxc1 26. Rxc1 Rc8 27. Rd1 Qc6 28. h3 Qc2 29. Kh2 h6 30. f5 Rc4 31. Qg1 Qxb2 32. fxe6 Qe5+ 0-1

[Event "FIDE WCCC G12 2018"]
[Site "Santiago de Compostela"]
[Date "2018.11.09"]
[Round "5"]
[White "Cai, Jinru"]
[Black "Ivorra Ivorra, Angela"]
[Result "1-0"]
[ECO "B50"]
[WhiteElo "1578"]
[BlackElo "1651"]
[Annotator "NA"]
[PlyCount "49"]
[EventDate "2018.11.04"]
[EventType "swiss"]
[EventCountry "ESP"]
[SourceTitle "playchess.com"]
[Source "ChessBase"]
[SourceQuality "1"]
[TimeControl "40/5400+30:1800+30"]

1. e4 c5 2. Nf3 d6 3. d4 Nf6 4. dxc5 Nxe4 5. cxd6 Nc6 6. Bd3 Nxd6 7. O-O g6 8. Bd2 Bg7 9. Bc3 O-O 10. Re1 Re8 11. a3 e5 12. Nbd2 f5 13. Nc4 Nxc4 14. Bxc4+ Be6 15. Qe2 e4 16. Bxe6+ Rxe6 17. Qc4 Qe7 18. Ng5 Bxc3 19. bxc3 Nd8 20. Nxe6 Nxe6 21. Rab1 b6 22. Rb5 Kg7 23. Rd1 Nc5 24. Qd4+ Kg8 25. Qd5+ 1-0

[Event "FIDE WCCC G12 2018"]
[Site "Santiago de Compostela"]
[Date "2018.11.09"]
[Round "5"]
[White "Baalla, Nura"]
[Black "Van Foreest, Machteld"]
[Result "0-1"]
[ECO "B47"]
[WhiteElo "1565"]
[BlackElo "2003"]
[Annotator "NA RC"]
[PlyCount "116"]
[EventDate "2018.11.04"]
[EventType "swiss"]
[EventCountry "ESP"]
[SourceTitle "playchess.com"]
[Source "ChessBase"]
[SourceQuality "1"]
[TimeControl "40/5400+30:1800+30"]

1. e4 c5 2. Nf3 e6 3. d4 cxd4 4. Nxd4 Nc6 5. Nc3 Qc7 6. f4 {[%emt 0:00:00] LiveBook: 1351 Games} Be7 $146 {[%emt 0:08:51] B47: Sicilian: Taimanov: 5 Nc3 Qc7 6 f4, 6 g3 and 6 Be2} ({Predecessor:} 6... a6 7. a3 b5 8. Be3 Bb7 9. Nb3 Na5 10. Nxa5 Qxa5 11. Bd3 Qc7 12. O-O Nf6 13. Qe2 Bc5 14. Bxc5 Qxc5+ 15. Kh1 d5 16. e5 {½-½ (41) Nakamura,H (2780)-Harikrishna,P (2738) Palma de Mallorca 2017}) 7. e5 Nxd4 8. Qxd4 a6 9. Bd3 (9. Be3 $14) 9... Bc5 10. Qe4 d5 11. Qf3 Ne7 12. Bd2 b5 13. g4 Bb7 14. Rf1 Rc8 15. Qg3 Nc6 16. O-O-O Nb4 17. Kb1 Be7 18. f5 Nxd3 19. Qxd3 d4 20. Ne2 ({Don't play} 20. Qxd4 b4 $15) 20... Qxe5 21. Bf4 Qd5 22. Qxd4 O-O 23. Qxd5 exd5 24. Nc3 Rfd8 25. g5 d4 26. Ne2 Be4 27. Nxd4 Rd5 28. Rfe1 Bxf5 29. Nxf5 Rxf5 30. Rxe7 Rxf4 31. Ra7 Rg4 32. Rxa6 Rxg5 33. Rc6 Re8 34. Rc3 Rg2 35. Re3 Rf8 36. h3 {[%emt 0:00:05] [#]} f5 $1 37. Rf3 f4 38. Kc1 g5 39. Rd5 Kg7 40. Rxb5 h5 41. a4 $2 (41. Rf1 $17) 41... g4 42. hxg4 hxg4 43. Rd3 $2 (43. Rf1 f3 44. a5) 43... f3 44. Rg5+ Kh6 45. Rdd5 Rf7 (45... Rh2 $142 46. Rgf5 Rxf5 47. Rxf5 f2) 46. Rh5+ $2 (46. Rgf5 Rxf5 47. Rxf5) 46... Kg7 47. Rh1 f2 48. Rdd1 g3 49. a5 Rh2 50. Rxh2 gxh2 51. Rf1 Re7 52. Kd2 {[%emt 0:00:55] [#]} Re1 $1 53. Rxf2 h1=Q 54. b4 Rd1+ 55. Ke2 Qe1+ 56. Kf3 Qxb4 57. Rg2+ Kf6 58. Rg4 Qc3+ 0-1

[Event "FIDE WCCC G12 2018"]
[Site "Santiago de Compostela"]
[Date "2018.11.09"]
[Round "5"]
[White "Oz, Irem Ezra"]
[Black "Nurmanova, Alua"]
[Result "1-0"]
[ECO "B90"]
[WhiteElo "1564"]
[BlackElo "1780"]
[Annotator "NA RC"]
[PlyCount "97"]
[EventDate "2018.11.04"]
[EventType "swiss"]
[EventCountry "ESP"]
[SourceTitle "playchess.com"]
[Source "ChessBase"]
[SourceQuality "1"]
[TimeControl "40/5400+30:1800+30"]

1. e4 c5 2. Nf3 d6 3. d4 cxd4 4. Nxd4 Nf6 5. Nc3 a6 6. h3 b5 7. a3 Bb7 8. Bd3 Nbd7 9. Bg5 e6 10. O-O Be7 11. Kh1 O-O 12. Nb3 Rc8 13. f4 Re8 14. Qe2 Qc7 15. Rad1 h6 16. Bh4 g6 17. Bg3 Bf8 18. Qd2 Nc5 19. Nxc5 dxc5 20. Qe3 c4 21. f5 Qc5 22. Qxc5 Bxc5 23. fxg6 Kg7 24. gxf7 Rf8 25. Be5 Rxf7 26. Be2 Bc6 27. Bh5 Rff8 28. Rf3 Be7 29. Rg3+ Kh7 30. Bg6+ Kh8 31. Rf1 Rcd8 32. Rgf3 Kg7 33. Bh5 Rd2 34. Rg3+ Kh7 35. Bg6+ Kh8 36. Bh5 Kh7 37. Bd1 a5 38. Bf4 Rd7 39. e5 Rxd1 40. Nxd1 Nh5 41. Ne3 Rxf4 42. Rxf4 Nxf4 43. Ng4 Bg5 44. Nf6+ Bxf6 45. exf6 Nh5 46. Rg7+ Kh8 47. Rc7 Bd5 48. Rc8+ Kh7 49. f7 1-0

[Event "FIDE WCCC G12 2018"]
[Site "Santiago de Compostela"]
[Date "2018.11.09"]
[Round "5"]
[White "Mamardashvili, Ana"]
[Black "Dakic, Marta"]
[Result "0-1"]
[ECO "C41"]
[WhiteElo "1527"]
[BlackElo "1756"]
[Annotator "NA RC"]
[PlyCount "86"]
[EventDate "2018.11.04"]
[EventType "swiss"]
[EventCountry "ESP"]
[SourceTitle "playchess.com"]
[Source "ChessBase"]
[SourceQuality "1"]
[TimeControl "40/5400+30:1800+30"]

1. e4 e5 2. Nf3 d6 3. d4 exd4 4. Nxd4 Nf6 5. Nc3 Be7 6. Be2 O-O 7. O-O Re8 8. f4 Bf8 9. Bf3 Nbd7 10. Re1 g6 11. Nde2 c6 12. Ng3 Qc7 13. Be3 a6 14. a4 b6 15. Qd2 Bb7 16. Rad1 b5 17. axb5 axb5 18. Qf2 b4 19. Nb1 Ra2 20. c3 c5 21. cxb4 cxb4 22. Bd4 Rea8 23. Rc1 Qa5 24. Nd2 Qd8 25. Nc4 R8a6 26. e5 Bxf3 27. Qxf3 Ne8 28. f5 dxe5 29. Nxe5 Nxe5 30. Bxe5 Bg7 31. fxg6 hxg6 32. Bxg7 Nxg7 33. Rf1 Ra7 34. Qb3 Qd4+ 35. Kh1 Rxb2 36. Qf3 Qd7 37. Rcd1 Qc7 38. Qf6 Qc2 39. Rd8+ Kh7 40. Qh4+ Nh5 41. Qh3 Rb1 42. Rc8 Raa1 43. Kg1 Qe2 0-1

[Event "FIDE WCCC G12 2018"]
[Site "Santiago de Compostela"]
[Date "2018.11.09"]
[Round "5"]
[White "Schiopu, Oana-Magdalena"]
[Black "Boramanikar Tanisha S"]
[Result "0-1"]
[ECO "B23"]
[WhiteElo "1526"]
[BlackElo "1716"]
[Annotator "NA RC"]
[PlyCount "49"]
[EventDate "2018.11.04"]
[EventType "swiss"]
[EventCountry "ESP"]
[SourceTitle "playchess.com"]
[Source "ChessBase"]
[SourceQuality "1"]
[TimeControl "40/5400+30:1800+30"]

1. e4 c5 2. Nc3 Nc6 3. f4 g6 4. Nf3 Bg7 5. Bb5 e6 6. Bxc6 bxc6 7. O-O Ne7 8. Qe1 Ba6 9. d3 Rb8 10. Kh1 Qa5 11. a4 Qc7 12. e5 c4 13. dxc4 Bxc4 14. Rf2 O-O 15. b3 Bd5 16. Ba3 c5 17. Rd1 Qc6 18. Ng5 f6 19. exf6 Bxf6 20. Nce4 Bxg5 21. Nxg5 Qc7 22. Bb2 Nf5 23. Qc3 e5 24. fxe5 Nd4 25. Rxf8+ {Ne6 Rf2} 0-1

[Event "FIDE WCCC G12 2018"]
[Site "Santiago de Compostela"]
[Date "2018.11.10"]
[Round "6"]
[White "Van Foreest, Machteld"]
[Black "Volovich, Julia"]
[Result "1/2-1/2"]
[ECO "C10"]
[WhiteElo "2003"]
[BlackElo "1735"]
[Annotator "NA RC"]
[PlyCount "116"]
[EventDate "2018.11.04"]
[EventType "swiss"]
[EventCountry "ESP"]
[SourceTitle "playchess.com"]
[Source "ChessBase"]
[SourceQuality "1"]
[TimeControl "40/5400+30:1800+30"]

1. e4 e6 2. d4 d5 3. Nd2 dxe4 4. Nxe4 Nd7 5. Nf3 Ngf6 6. Nxf6+ Nxf6 7. g3 b6 {[%emt 0:00:00] C10: French with 3 Nc3: Unusual Black 3rd moves and 3...dxe4} 8. Bg2 {[%emt 0:01:00] LiveBook: 21 Games} (8. Bb5+ Bd7 9. Be2 Bc6 10. O-O Bd6 11. Ne5 Bxe5 12. dxe5 Qd5 13. Qxd5 Nxd5 14. Rd1 O-O-O 15. Bg5 {1-0 (43) Svidler,P (2753)-Meier,G (2628) Jerusalem 2018}) 8... Bb7 9. O-O Bd6 10. b3 O-O 11. Bb2 Qe7 12. Qe2 $146 ({Predecessor:} 12. a3 Rfd8 13. Qe2 Rac8 14. c4 c5 15. Rfd1 Bxf3 16. Bxf3 cxd4 17. Rxd4 {½-½ (26) Makoveev,I (2290)-Latyev,V (2216) Sochi 2018}) 12... Rfd8 13. Rad1 Rac8 14. Rfe1 c5 15. c4 cxd4 16. Nxd4 Bxg2 17. Kxg2 Bb4 18. Rf1 Qb7+ 19. Qf3 Qxf3+ 20. Kxf3 Rd7 21. Ke2 Rcd8 22. Nc6 Rd2+ 23. Rxd2 Rxd2+ 24. Kf3 Bc5 25. Bxf6 gxf6 26. b4 Bf8 27. Ra1 Rc2 28. c5 bxc5 29. b5 c4 30. Nxa7 Bc5 31. Nc8 Rxf2+ 32. Kg4 Rxh2 33. Rb1 h5+ 34. Kf4 Rf2+ 35. Ke4 Re2+ 36. Kf4 c3 37. b6 c2 38. Rh1 Bxb6 39. Nxb6 Rd2 40. Rc1 Rd6 41. Nc8 Rd4+ 42. Ke3 Rc4 43. Nd6 Rc3+ 44. Kf2 f5 45. Nb5 Rc5 46. Nd4 Rc4 47. Nf3 Kg7 48. Ne1 h4 49. gxh4 Rxh4 50. Nxc2 Ra4 51. a3 Kf6 52. Re1 f4 53. Kf3 e5 54. Kg4 Rc4 55. Nb4 Ke6 56. Nd3 f6 57. Rb1 $11 f3+ 58. Kxf3 e4+ {[%emt 0:00:04] Kxe4 Ke5+} 1/2-1/2

[Event "FIDE WCCC G12 2018"]
[Site "Santiago de Compostela"]
[Date "2018.11.10"]
[Round "6"]
[White "Vicze, Kata"]
[Black "Lobo Pereira, Arami"]
[Result "1/2-1/2"]
[ECO "B90"]
[WhiteElo "1828"]
[BlackElo "1592"]
[Annotator "NA"]
[PlyCount "77"]
[EventDate "2018.11.04"]
[EventType "swiss"]
[EventCountry "ESP"]
[SourceTitle "playchess.com"]
[Source "ChessBase"]
[SourceQuality "1"]
[TimeControl "40/5400+30:1800+30"]

1. e4 c5 2. Nf3 d6 3. d4 cxd4 4. Nxd4 Nf6 5. Nc3 a6 6. f3 e5 7. Nb3 Be6 8. Be3 h5 9. Qd2 Nbd7 10. O-O-O b5 11. Kb1 Rc8 12. Nd5 Bxd5 13. exd5 Nb6 14. Bxb6 Qxb6 15. g3 g6 16. Bh3 Rc7 17. Rhe1 Bh6 18. Qd3 O-O 19. Rg1 Qe3 20. Qf1 Kh7 21. Rd3 Qb6 22. g4 Be3 23. Rg2 Rh8 24. Qe1 Bf4 25. gxh5 Nxh5 26. Nd2 Bxd2 27. Rdxd2 Nf4 28. Rg3 Kg7 29. Bf5 Kf8 30. Be4 a5 31. Qh1 Qe3 32. Qd1 b4 33. Rg1 Qc5 34. Qf1 Qb6 35. Rh1 a4 36. h4 a3 37. b3 Qe3 38. Qe1 Qb6 39. Qf1 1/2-1/2

[Event "FIDE WCCC G12 2018"]
[Site "Santiago de Compostela"]
[Date "2018.11.10"]
[Round "6"]
[White "Shuqja, Klean"]
[Black "Rueda Nessi, Juana"]
[Result "1-0"]
[ECO "B70"]
[WhiteElo "1798"]
[BlackElo "1642"]
[Annotator "NA"]
[PlyCount "67"]
[EventDate "2018.11.04"]
[EventType "swiss"]
[EventCountry "ESP"]
[SourceTitle "playchess.com"]
[Source "ChessBase"]
[SourceQuality "1"]
[TimeControl "40/5400+30:1800+30"]

1. e4 c5 2. Nf3 d6 3. d4 cxd4 4. Nxd4 Nf6 5. Nc3 g6 6. Be2 Nc6 7. O-O Bg7 8. Nb3 O-O 9. Bg5 a5 10. a4 Be6 11. f4 Bxb3 12. cxb3 Nd7 13. Bc4 Nc5 14. Re1 Ne6 15. Qd2 Nxg5 16. fxg5 Be5 17. Rf1 e6 18. Nb5 Qb6+ 19. Kh1 Rad8 20. Rad1 Nb4 21. Qe2 Rd7 22. Rf3 Rfd8 23. Rh3 Na6 24. Qg4 Kg7 25. Qh4 Rh8 26. Rf1 h5 27. gxh6+ Kh7 28. Rhf3 Rf8 29. Bxe6 fxe6 30. Rxf8 Qc5 31. Qg5 Bxb2 32. R1f7+ Rxf7 33. Rxf7+ Kg8 34. Qxg6+ 1-0

[Event "FIDE WCCC G12 2018"]
[Site "Santiago de Compostela"]
[Date "2018.11.10"]
[Round "6"]
[White "Zvereva, Margarita"]
[Black "Zavivaeva, Emilia"]
[Result "1-0"]
[ECO "B01"]
[WhiteElo "1787"]
[BlackElo "1633"]
[Annotator "NA"]
[PlyCount "75"]
[EventDate "2018.11.04"]
[EventType "swiss"]
[EventCountry "ESP"]
[SourceTitle "playchess.com"]
[Source "ChessBase"]
[SourceQuality "1"]
[TimeControl "40/5400+30:1800+30"]

1. e4 d5 2. exd5 Qxd5 3. Nc3 Qd6 4. d4 Nf6 5. Nf3 g6 6. Nb5 Qd8 7. Na3 Bg7 8. c3 O-O 9. Be2 a6 10. Nc4 Nbd7 11. a4 b6 12. O-O Bb7 13. Nce5 Nxe5 14. Nxe5 Nd7 15. Nxd7 Qxd7 16. Bf4 Rad8 17. Qc1 Qf5 18. Bxc7 Rc8 19. Bg3 Bxd4 20. Qd1 Bc5 21. Bg4 Qf6 22. Bxc8 Bxc8 23. b4 Bd6 24. Bxd6 exd6 25. Qd3 Bb7 26. Qe3 Qf5 27. f3 b5 28. axb5 axb5 29. Qb6 Bc8 30. Qxd6 Be6 31. Qd4 Bc4 32. Rfd1 Re8 33. Re1 Rf8 34. Re3 Qc8 35. Rae1 Qc6 36. Re7 Be6 37. R1xe6 Qxe6 38. Rxe6 1-0